[Event "Early-Titled-Tuesday-Blitz-May-07-2024"]
[Site "Chess.com"]
[Date "2024.05.07"]
[Round "1"]
[White "GeorgiosSouleidis"]
[Black "vanyakuba"]
[Result "1-0"]
[WhiteElo "2705"]
[BlackElo "2404"]
[TimeControl "180+1"]
[EndTime "8:08:06 PDT"]
[Termination "GeorgiosSouleidis won by resignation"]

1. e4 g6 2. d4 Bg7 3. Nc3 d6 4. Nf3 a6 5. Be2 Nd7 6. O-O b5 7. Re1 Bb7 8. a4 b4 9. Na2 a5 10. c3 c5 11. dxc5 Nxc5 12. Bb5+ Kf8 13. cxb4 axb4 14.
Nxb4 Nf6 15. e5 Nfe4 16. Bf4 g5 17. Nxg5 Nxg5 18. Bxg5 Bxe5 19. Bh6+ Bg7 20. Bxg7+ Kxg7 21. Qg4+ Kf8 22. Qh5 Rg8 23. Qh6+ Rg7 24. Ra3 Kg8 25.
Rg3 Rxg3 26. hxg3 Be4 27. f3 Bg6 28. Nc6 Qf8 29. Nxe7+ Kh8 30. Qf4 f6 31. Qxd6 Nb3 32. Nxg6+ hxg6 33. Qxf8+ Rxf8 34. Re7 Nd4 35. Rd7 Nc2 36.
a5 Rb8 37. a6 Rxb5 38. a7 Ra5 39. Rd8+ Kg7 40. a8=Q Rxa8 41. Rxa8 Nd4 42. Rb8 Kf7 43.
Kf2 Ke6 44. b4 Kd5 45. Rg8 g5 46. Rf8 Ke6 47. Rb8 f5 48. b5 Kd6 49. Rg8 g4 50. fxg4 fxg4 51. Rxg4 Nb3 52. Rg5 Kc7 53. Ke3 Kb6 54. g4 Na5 55. Kd4 Nc4 56. Kxc4 1-0

[Event "Early-Titled-Tuesday-Blitz-May-07-2024"]
[Site "Chess.com"]
[Date "2024.05.07"]
[Round "1"]
[White "PIwan"]
[Black "Andrei_Skvortsov"]
[Result "0-1"]
[WhiteElo "2419"]
[BlackElo "2734"]
[TimeControl "180+1"]
[EndTime "8:08:07 PDT"]
[Termination "Andrei_Skvortsov won on time"]

1. c4 g6 2. d4 Bg7 3. e4 e6 4. Nc3 Ne7 5. Bg5 h6 6. Be3 d5 7.
Qd2 dxe4 8. Nxe4 Nf5 9. O-O-O Nc6 10. Nf3 O-O 11. g4 Nxe3 12. fxe3 f5 13. gxf5 exf5 14. Nc3 Qf6 15. c5 Kh8 16. Bc4 Rb8 17. Rdg1 g5 18. h4 g4 19. h5 Na5 20. Ne5 Nxc4 21. Nxc4 Bd7 22. Ne5 Be8 23. Rf1 Qg5 24. Nd5 Rd8 25.
Nf4 Bxe5 26. Ne6 Qe7 27. Nxd8 Bg7 28. Nxb7 Bc6 29. Na5 Bxh1 30. Rxh1 Qe4 31. Rg1 Qe8 32. Nb3 Qxh5 33. d5 Qg5 34. Nd4 Bxd4 35. Qxd4+ Qg7 36. Qf4 Rf6 37. d6 cxd6 38. cxd6 Qd7 39. Rd1 Kg8 40. Qe5 Kf7 41. Kb1 Kg6 42. Qf4 Re6 43. Rh1 h5 44.
Qh2 Rxd6 45. Qxh5+ Kf6 46. Qh8+ Ke6 47. Rh6+ Kd5 48. Qd4+ Kc6 49. Qc4+ Kb7 50. Qb4+ Rb6 51. Rxb6+ axb6 52. a3 Qd1+ 53. Ka2 Qd5+ 54. Ka1 g3 55. Qe7+ Ka6 56. Qg7 g2 0-1

[Event "Early-Titled-Tuesday-Blitz-May-07-2024"]
[Site "Chess.com"]
[Date "2024.05.07"]
[Round "1"]
[White "Bob_2004"]
[Black "Puzzlebot_1294"]
[Result "0-1"]
[WhiteElo "2302"]
[BlackElo "2620"]
[TimeControl "180+1"]
[EndTime "8:08:07 PDT"]
[Termination "Puzzlebot_1294 won on time"]

1. d4 Nf6 2. c4 e6 3. Nc3 Bb4 4. f3 d5 5. a3 Bxc3+ 6. bxc3 O-O 7. cxd5 exd5 8. e3 c5 9. Bd3 cxd4 10. cxd4 Nc6 11. Ne2 Re8 12. O-O h6 13. Ng3 Be6 14.
Qc2 Rc8 15. Qf2 Qa5 16. Bb2 Ne7 17. h3 Rc6 18. e4 dxe4 19. fxe4 Bc4 20. Bxc4 Rxc4 21.
e5 Ned5 22. exf6 g6 23. Rae1 Rec8 24. Nf5 Rc2 25. Nxh6+ Kf8 26. Qg3 Qc7 27. Qxc7 R8xc7 28. Bc1 Nc3 29. Bf4 Rd7 30. Be5 Ne2+ 31. Kh2 Nc3 32. Ng4 Nd5 33. Ne3 Rc6 34. Nxd5 Rxd5 35. Re3 Re6 36. Re4 Ke8 37. Rh4 Kd7 38. Rh7 Ke8 39. Rh8+ Kd7 40. Rc1 Rc6 41. Rxc6 bxc6 42. Ra8 Ra5 43.
Kg3 Rxa3+ 44. Kf4 a5 45. Kg5 Ke6 46. Re8+ Kd5 47. Re7 Ra2 48. g4 Re2 49. Rxf7 c5 50.
Rd7+ Ke6 51. Re7+ Kd5 52. f7 Rf2 53. Rd7+ Ke6 54. Rd6+ Ke7 0-1

[Event "Early-Titled-Tuesday-Blitz-May-07-2024"]
[Site "Chess.com"]
[Date "2024.05.07"]
[Round "1"]
[White "RobertoJBM"]
[Black "maksimys18"]
[Result "1-0"]
[WhiteElo "2893"]
[BlackElo "2498"]
[TimeControl "180+1"]
[EndTime "8:08:08 PDT"]
[Termination "RobertoJBM won on time"]

1. d4 e6 2. Nf3 d5 3. e3 f5 4. g3 Bd6 5. Bg2 Nf6 6. b3 O-O 7. Ba3 Nbd7 8. c4 Bxa3 9. Nxa3 c6 10. O-O Ne4 11. Qc2 Qa5 12. Qb2 b5 13. cxb5 cxb5 14. Rfc1 b4 15. Nc2 Ba6 16. a3 bxa3 17. Qxa3 Qxa3 18.
Rxa3 Bb5 19. Rca1 a6 20. Nb4 Rab8 21. Nxa6 Bxa6 22. Rxa6 Rxb3 23. Rxe6 Rb2 24. Re7 Ndf6 25. Raa7 Rc8 26. Rxg7+ Kh8 27. Rgc7 Rxc7 28. Rxc7 Ng4 29. h3 Ngxf2 30. Ne5 Nxg3 31. Rc8+ Kg7 32. Rc7+ Kh8 33. Rc8+ Kg7 34. Rc7+ Kf8 35. Rxh7 Nd1 36. Ng6+ Kg8 37. Re7 Nc3 38. Nf4 Nge4 39. Bxe4 Nxe4 40. h4 Rb3 41. h5 Rxe3 42. h6 Rg3+ 43. Kh2 Rg4 44. Nxd5 Rh4+ 45. Kg2 Rxh6 46. Ne3 Rd6 47. Nxf5 Rg6+ 48. Kf3 Ng5+ 49. Kf4 Ne6+ 50. Ke5 Ng5 51. d5 Nf3+ 52. Kf4 Nd2 53. d6 1-0

[Event "Early-Titled-Tuesday-Blitz-May-07-2024"]
[Site "Chess.com"]
[Date "2024.05.07"]
[Round "1"]
[White "AttilaTurzo"]
[Black "nochewycandy"]
[Result "0-1"]
[WhiteElo "2454"]
[BlackElo "2811"]
[TimeControl "180+1"]
[EndTime "8:08:08 PDT"]
[Termination "nochewycandy won on time"]

1. e4 g6 2. d4 Bg7 3. c3 d6 4. Nf3 Nf6 5. Bd3 O-O 6. O-O Nc6 7. h3 e5 8. dxe5 dxe5 9. Be3 Qe7 10. Qc2 b6 11.
Nbd2 Bb7 12. Rfd1 a5 13. a4 Nd7 14. Nc4 Nc5 15. Bf1 h6 16. Nfd2 f5 17. f3 Rad8 18. Nb3 Ne6 19. Rxd8 Ncxd8 20. Bd3 Qf6 21. Ncd2 Nf4 22.
Bf1 Qg5 23. Kh2 Qe7 24. Re1 Nde6 25. Bc4 Kh8 26. Bxe6 Nxe6 27. Nc1 Qh4 28. g3 Qf6 29.
Bg1 fxe4 30. fxe4 h5 31. Qd1 h4 32. Qg4 hxg3+ 33. Qxg3 Bh6 34. Be3 Nf4 35. Rf1 Kh7 36. Nd3 g5 37. Nf2 Qg6 38. Ng4 Bg7 39. Qf3 Nd3 40.
Qg2 Rxf1 41. Qxf1 Nxb2 42. Nf3 Bxe4 43. Nxg5+ Kg8 44. Nxe4 Qxe4 45. Bh6 Qc2+ 46. Kh1 Qe4+ 47. Kh2 Qc2+ 48. Kh1 Qg6 49. Bxg7 Kxg7 50. Qe2 Nd3 51. Qe3 c5 52. Qf3 e4 53. Qg3 b5 54. Qc7+ Qf7 55. Qc6 Qf3+ 56. Kh2 Qe2+ 57. Kg3 Qf3+ 0-1

[Event "Early-Titled-Tuesday-Blitz-May-07-2024"]
[Site "Chess.com"]
[Date "2024.05.07"]
[Round "1"]
[White "Heinza9"]
[Black "Skatchkov_V"]
[Result "1/2-1/2"]
[WhiteElo "2356"]
[BlackElo "2635"]
[TimeControl "180+1"]
[EndTime "8:08:08 PDT"]
[Termination "Game drawn - insufficient material"]

1. e4 e5 2. Nf3 d5 3. Nxe5 Bd6 4. d4 dxe4 5. Nc4 Nc6 6. Be3 Nge7 7. Nxd6+ Qxd6 8.
Nc3 O-O 9. h3 f5 10. g3 Ng6 11.
Bc4+ Kh8 12. Qd2 Na5 13. Bb3 Nxb3 14. axb3 Bd7 15. O-O-O a5 16. Ne2 a4 17. b4 Bb5 18. Nf4 Ne5 19. dxe5 Qxe5 20. Qd5 Qf6 21. Bd4 Qa6 22. Ne6 Rf7 23. Nc5 Qh6+ 24. Be3 Qf6 25. Qe6 a3 26. Qxf6 gxf6 27. bxa3 b6 28. Nb3 Rxa3 29. Kb2 Ra4 30. c3 Ra8 31. Nd4 Bc4 32. Ra1 Rd8 33. Rhd1 Rfd7 34. Rd2 c5 35. Nb3 Bd3 36. bxc5 bxc5 37. Bxc5 Rb8 38. Bb4 Rdb7 39. Nc5 Rxb4+ 40. cxb4 Rxb4+ 41. Ka3 Rd4 42. Nxd3 exd3 43.
Rad1 f4 44. Rxd3 Re4 45. gxf4 Rxf4 46. R1d2 Kg7 47. Kb3 Kg6 48. Kc3 Kh5 49. Rd4 Rf3+ 50. R2d3 Rxf2 51. Kc4 f5 52. Rd7 h6 53. R3d5 Rf3 54.
Rf7 Kg6 55. Rf8 h5 56. h4 Rf4+ 57. Rd4 Rf1 58. Rg8+ Kf7 59. Rg5 Kf6 60. Rd6+ Ke5 61. Rd5+ Ke4 62. Rxh5 Rc1+ 63. Kb3 Kxd5 64. Rxf5+ Ke4 65.
Rf8 Rh1 66. h5 Rxh5 67. Re8+ Kd5 68. Rd8+ Kc6 69. Rc8+ Kb7 70. Rc3 Rg5 71. Kb4 Kb6 72. Rc4 Rb5+ 73. Kc3 Rf5 74. Kb4 Rf3 75. Rc3 Rf1 76. Rh3 Rf4+ 77. Kc3 Kb5 78. Rh5+ Ka4 79. Rc5 Rb4 80. Rc4 Rxc4+ 81. Kxc4 1/2-1/2

[Event "Early-Titled-Tuesday-Blitz-May-07-2024"]
[Site "Chess.com"]
[Date "2024.05.07"]
[Round "1"]
[White "Matsanovic"]
[Black "ChEsper99"]
[Result "1-0"]
[WhiteElo "2603"]
[BlackElo "2264"]
[TimeControl "180+1"]
[EndTime "8:08:08 PDT"]
[Termination "Matsanovic won by resignation"]

1. e4 c6 2. Nc3 d5 3. Nf3 dxe4 4. Nxe4 Nf6 5. Ng3 Bg4 6. Bc4 e6 7. h3 Bxf3 8. Qxf3 Nbd7 9. Qe2 Be7 10. c3 O-O 11. d4 c5 12. dxc5 Bxc5 13. O-O Qc7 14. Ne4 Nxe4 15. Qxe4 Nf6 16. Qe2 a6 17. a4 h6 18. Rd1 Rac8 19. Bb3 Rfd8 20. Rxd8+ Rxd8 21. Bc2 Bd6 22. Be3 Bf4 23. Bd4 e5 24. Be3 Bxe3 25.
Qxe3 Nd5 26. Qe4 Nf6 27. Qe3 Nd5 28. Qd3 Nf6 29. Qe2 Nd5 30. g3 Kh8 31. Re1 Re8 32.
Rd1 Nf6 33. Qe3 Re7 34. Re1 b6 35. Qd3 a5 36. Bb3 Rd7 37. Qe3 e4 38. Rd1 Rxd1+ 39. Bxd1 Qd6 40. Bc2 Qd5 41. Kf1 b5 42. b3 bxa4 43.
bxa4 g6 44. Qxh6+ Kg8 45. Qe3 Kg7 46. Qd4 Qa2 47. Bxe4 Qa1+ 48. Kg2 Qb2 49. Bc6 Qc2 50. g4 g5 51. Qe5 Qg6 52. Kg3 Qd3+ 53. Kg2 Qc4 54. Qxg5+ 1-0

[Event "Early-Titled-Tuesday-Blitz-May-07-2024"]
[Site "Chess.com"]
[Date "2024.05.07"]
[Round "1"]
[White "Artyom_ChessMate"]
[Black "klifus"]
[Result "1-0"]
[WhiteElo "2578"]
[BlackElo "2187"]
[TimeControl "180+1"]
[EndTime "8:08:09 PDT"]
[Termination "Artyom_ChessMate won by checkmate"]

1. e4 c5 2. Nc3 Nc6 3. Bb5 Nd4 4. Nf3 Nxb5 5. Nxb5 a6 6. Nc3 e6 7. d4 cxd4 8. Qxd4 Qc7 9. Bg5 f6 10. Be3 Ne7 11. O-O-O Nc6 12. Qb6 Bd6 13. Rhe1 O-O 14. Kb1 Qxb6 15. Bxb6 Bb4 16. Re3 Ba5 17. Na4 Rb8 18.
Bxa5 Nxa5 19. Nb6 Rd8 20. Red3 Nc6 21. c3 Kf8 22. Nxd7+ Bxd7 23. Rxd7 h5 24. Kc2 g5 25. h3 g4 26. hxg4 hxg4 27. Nh4 Ke8 28. Rh7 Rxd1 29. Kxd1 Rd8+ 30. Kc2 Rd7 31. Rxd7 Kxd7 32. Ng6 f5 33. Kd3 b5 34. g3 Ke8 35. exf5 exf5 36. Nh4 Ne5+ 37.
Kd4 Nc4 38. b3 Nd6 39. c4 bxc4 40. bxc4 Kd7 41. c5 Ne4 42. Nxf5 Nxf2 43. Kd5 Nd3 44. a3 Nb2 45. Ne3 Na4 46. Nxg4 Nc3+ 47. Kc4 Ne2 48.
Ne5+ Kc7 49. g4 Nf4 50. g5 Ne6 51. g6 Ng7 52. a4 Nf5 53. a5 Ng7 54. Kd5 Nh5 55.
Ke6 Nf4+ 56. Kf5 Nd5 57. g7 Kb7 58. Ke6 Nf4+ 59. Kd7 Nh5 60. c6+ Ka7 61. g8=Q Nf6+ 62. Kd8 Nxg8 63. c7 Nf6 64. Nc6+ Kb7 65. c8=Q# 1-0

[Event "Early-Titled-Tuesday-Blitz-May-07-2024"]
[Site "Chess.com"]
[Date "2024.05.07"]
[Round "1"]
[White "shirovin"]
[Black "yaguigor"]
[Result "0-1"]
[WhiteElo "2075"]
[BlackElo "2560"]
[TimeControl "180+1"]
[EndTime "8:08:09 PDT"]
[Termination "yaguigor won on time"]

1. e4 c5 2. Nf3 Nc6 3. d4 cxd4 4.
Nxd4 Qb6 5. Nb3 Nf6 6. Nc3 e6 7. a3 Qc7 8. g4 d5 9. exd5 Nxd5 10. Nxd5 exd5 11. Bg2 Qe5+ 12. Qe2 Qxe2+ 13. Kxe2 Bxg4+ 14. Ke1 O-O-O 15. h3 Bf5 16. Kd1 Be7 17. Be3 d4 18. Bd2 Bf6 19. Re1 Rhe8 20. Rxe8 Rxe8 21. Bf4 Be4 22. Bf1 g5 23. Bg3 Be5 24. Kd2 f5 25.
Nc5 Bd5 26. Bxe5 Nxe5 27. Be2 Nf3+ 28. Bxf3 Bxf3 29. Re1 Rxe1 30. Kxe1 Bg2 31. Ne6 h6 32. Nxd4 Bxh3 33. Ke2 f4 34. Nb5 h5 35. Nxa7+ Kd7 36.
Nb5 Bf5 37. Nd4 Be4 38. f3 Bd5 39. Kf2 g4 40. b3 g3+ 41. Kg2 b6 42. c4 Bf7 43.
Nf5 Bg6 44. Nd4 Bd3 45. Kg1 Kd6 46. a4 h4 47. Kg2 Ke5 48. Nc6+ Kf6 49. Nd4 Kg6 50. Nc6 Bf5 51. Ne5+ Kf6 52. Nc6 h3+ 53. Kg1 h2+ 54. Kg2 Bd3 0-1

[Event "Early-Titled-Tuesday-Blitz-May-07-2024"]
[Site "Chess.com"]
[Date "2024.05.07"]
[Round "1"]
[White "igorkovalenko"]
[Black "jlf287"]
[Result "1-0"]
[WhiteElo "2954"]
[BlackElo "2522"]
[TimeControl "180+1"]
[EndTime "8:08:11 PDT"]
[Termination "igorkovalenko won by resignation"]

1. e4 e5 2. Nf3 Nc6 3. Nc3 Nf6 4.
d4 exd4 5. Nxd4 Bb4 6. Nxc6 bxc6 7. Bd3 d5 8. exd5 O-O 9. O-O Bg4 10. Qd2 cxd5 11. a3 Bd6 12. Nb5 Be7 13. Re1 c6 14. Nd4 Bd7 15. b4 Bd6 16. Bb2 Qc7 17. h3 Rfe8 18. c4 Ne4 19. Qc2 Nf6 20. cxd5 cxd5 21. Qxc7 Bxc7 22. Nb5 Bb6 23. Bxf6 gxf6 24. Kf1 Rac8 25.
Rxe8+ Rxe8 26. Rd1 Rc8 27. g4 a6 28. Nd6 Rc3 29.
Bxa6 Rxa3 30. Bc8 Be6 31. Bxe6 fxe6 32. Kg2 Ra2 33. Rf1 Rb2 34. b5 Bc5 35. Ne8 Kf7 36. Nc7 Bd6 37. Rc1 Ke7 38. Rc6 Kd7 39. Ne8 Kxe8 40.
Rxd6 Ke7 41. Rb6 e5 42. h4 h6 43. h5 d4 44. Kf3 d3 45. Rb8 d2 46. Ke2 Ke6 47. b6 Kd7 48. f3 Kc6 49. Rc8+ Kd6 50.
Rh8 Rxb6 51. Rxh6 Kd5 52. Kxd2 Rb2+ 53. Ke3 Rb3+ 54. Kf2 Rb2+ 55. Kg3 Ke6 56. g5 e4 57. Rxf6+ Ke5 58. h6 e3 59. Rf8 e2 60. Re8+ Kd4 61. h7 1-0

[Event "Early-Titled-Tuesday-Blitz-May-07-2024"]
[Site "Chess.com"]
[Date "2024.05.07"]
[Round "1"]
[White "IlanSchnaider"]
[Black "AccioChess"]
[Result "0-1"]
[WhiteElo "2723"]
[BlackElo "2438"]
[TimeControl "180+1"]
[EndTime "8:08:11 PDT"]
[Termination "AccioChess won by checkmate"]

1. e4 c5 2. Nc3 e6 3. Nf3 Nc6 4. d4 cxd4 5. Nxd4 Qc7 6. Be2 a6 7. Nxc6 bxc6 8. Qd3 Nf6 9. O-O d5 10. Bg5 Be7 11. h3 h6 12. Bh4 Nxe4 13. Bxe7 Nxc3 14.
Qxc3 Kxe7 15. Qxg7 Bb7 16. Bh5 Qf4 17. Qc3 Rhg8 18.
Kh1 Rg5 19. Bf3 Rag8 20. Rae1 Qd6 21. Qb3 Ba8 22. c4 c5 23. Rd1 Rb8 24. Qe3 d4 25. Qa3 Bxf3 26. Qxf3 Rxb2 27. Rb1 Qb6 28. Rxb2 Qxb2 29.
a4 Rf5 30. Qg3 Qe2 31. Rb1 Qxf2 32. Qc7+ Kf6 33. a5 d3 34. Qd8+ Kg7 35. Qxd3 Rg5 36. Rg1 Rg3 37. Qe4 h5 38. Qe5+ Kg6 39. Qe4+ Qf5 40.
Qe2 h4 41. Qe1 Qf4 42. Qe2 Qd4 43. Qc2+ f5 44. Qe2 e5 45. Rb1 e4 46. Rb6+ Kg5 47.
Rb1 f4 48. Qb2 f3 49. Qc1+ e3 50. Rb5 fxg2+ 51. Kh2 g1=Q+ 52. Qxg1 Rxg1 53. Rxc5+ Qxc5 54. Kxg1 Qxc4 55. Kh2 Kf4 56. Kg2 Qb4 57. Kh1 Qxa5 58. Kh2 Qd2+ 59. Kg1 Qe1+ 60. Kh2 Qf2+ 61. Kh1 Qf3+ 62.
Kh2 e2 63. Kg1 e1=Q+ 64. Kh2 Qeg3# 0-1

[Event "Early-Titled-Tuesday-Blitz-May-07-2024"]
[Site "Chess.com"]
[Date "2024.05.07"]
[Round "1"]
[White "noblerone"]
[Black "GMBenjaminBok"]
[Result "0-1"]
[WhiteElo "2531"]
[BlackElo "3045"]
[TimeControl "180+1"]
[EndTime "8:08:14 PDT"]
[Termination "GMBenjaminBok won on time"]

1. d4 Nf6 2. c4 e6 3. Nc3 Bb4 4. Qb3 c5 5. dxc5 Nc6 6. Nf3 Ne4 7. Bd2 Nxd2 8. Nxd2 Bxc5 9. e3 O-O 10. Be2 b6 11. O-O Bb7 12. a3 f5 13. Bf3 Qe7 14. Rad1 f4 15.
Nce4 fxe3 16. fxe3 Rad8 17. Nxc5 Qxc5 18. Ne4 Qe5 19.
Qc3 Ba6 20. b3 d5 21. Qxe5 Nxe5 22. Ng5 Rde8 23. Be2 Rxf1+ 24. Kxf1 h6 25. Nf3 Ng4 26. Rc1 dxc4 27. Bxc4 Nxe3+ 28. Kf2 Nxc4 29. bxc4 Rc8 30. Nd2 Rc5 31. Ke3 Bb7 32. g3 Kf7 33. Rf1+ Ke7 34. Kd4 Ra5 35. Ra1 Rf5 36. Ke3 Re5+ 37. Kd3 g5 38. a4 Bc6 39. a5 Rxa5 40. Rxa5 bxa5 41. Kc3 Kd6 42. Nf1 Kc5 43. Ne3 a4 44. Ng4 h5 45. Nf6 h4 46. gxh4 gxh4 47. Nh7 a3 48. Ng5 e5 49. Ne6+ Kd6 50. Ng5 Ba4 51. Ne4+ Kc6 52.
Ng5 a2 53. Kb2 Bb3 54. c5 Kxc5 55. Nf3 e4 56. Nxh4 e3 57. Ng2 e2 58. Nf4 e1=N 0-1

[Event "Early-Titled-Tuesday-Blitz-May-07-2024"]
[Site "Chess.com"]
[Date "2024.05.07"]
[Round "1"]
[White "krzyzan94"]
[Black "Ruchess27"]
[Result "1-0"]
[WhiteElo "2793"]
[BlackElo "2443"]
[TimeControl "180+1"]
[EndTime "8:08:16 PDT"]
[Termination "krzyzan94 won by resignation"]

1. Nf3 d5 2. g3 e6 3. Bg2 Nf6 4. O-O Be7 5. d3 O-O 6. Nbd2 c5 7. e4 Nc6 8. Re1 d4 9. e5 Nd7 10. a4 Qc7 11. Nc4 b6 12. Bg5 Bb7 13. h4 h6 14.
Bf4 Nb4 15. Qd2 Rfd8 16. Nd6 Nd5 17. Bxh6 gxh6 18. Qxh6 Bxd6 19. exd6 Qxd6 20. Ng5 Nf8 21. Be4 f5 22. Bf3 e5 23. Qxd6 Rxd6 24. Rxe5 Rad8 25.
Rxf5 Bc8 26. Re5 Nb4 27. Ne4 Ng6 28. Rg5 Re6 29. h5 Nxc2 30. Rd1 Kh7 31. hxg6+ Rxg6 32. Kg2 Nb4 33. Nf6+ Kg7 34. Nh5+ Kh6 35. Rxg6+ Kxg6 36.
Nf4+ Kg5 37. Rh1 Re8 38. Rh5+ Kf6 39. Be4 a6 40. Rh6+ Kg7 41. Rxb6 a5 42. Nh5+ Kf8 43. Nf6 Re7 44. Rb8 Rc7 45. Bf5 Kf7 46. Bxc8 Kxf6 47. Rb6+ Ke5 48. Ba6 Nd5 49. Rb8 Rf7 50. Bc4 Nb4 51.
Bxf7 Nxd3 52. Re8+ Kd6 53. b3 Nb4 54. Bc4 d3 55. Bxd3 Nxd3 56. Rd8+ 1-0

[Event "Early-Titled-Tuesday-Blitz-May-07-2024"]
[Site "Chess.com"]
[Date "2024.05.07"]
[Round "1"]
[White "NastyaHn"]
[Black "GoltsevDmitry2000"]
[Result "1-0"]
[WhiteElo "2462"]
[BlackElo "2783"]
[TimeControl "180+1"]
[EndTime "8:08:17 PDT"]
[Termination "NastyaHn won by checkmate"]

1. Nc3 Nf6 2. e4 e6 3. e5 Nd5 4.
Nxd5 exd5 5. d4 d6 6. exd6 Bxd6 7. Nf3 O-O 8. Bd3 c5 9. c3 Nc6 10. Be3 cxd4 11. Nxd4 Ne5 12. Bc2 Ng4 13. Qd3 g6 14.
O-O-O Ne5 15. Qe2 Re8 16. b3 Qa5 17. Kb1 Qxc3 18. Nb5 Qc6 19. Nxd6 Qxd6 20. Qd2 Be6 21.
h4 Rac8 22. Rc1 Qa3 23. Bd4 Ng4 24. f3 Rc6 25. fxg4 Bxg4 26. Bb2 Qd6 27. Qd4 f6 28. Qxg4 Rec8 29. h5 g5 30. Qf5 Qe7 31. Rhe1 Qf7 32. h6 a5 33. Red1 Rd8 34. Bd3 Re6 35. Re1 Red6 36.
Rcd1 a4 37. Re2 axb3 38. axb3 Rb6 39. Rf2 Rf8 40. Bc2 Rd6 41. Ba3 Rfd8 42. Bxd6 Rxd6 43. Qc8+ Qf8 44. Qxf8+ Kxf8 45. Bxh7 Kf7 46. Bc2 Rd8 47.
h7 Rh8 48. Rxd5 b5 49. Rfd2 Kg7 50. Rd7+ Kh6 51. Rd8 Rxh7 52. Bxh7 Kxh7 53. R2d7+ Kg6 54. Rb8 b4 55. Rxb4 Kf5 56. Rbd4 Ke6 57. b4 Ke5 58.
b5 f5 59. b6 f4 60. b7 f3 61. b8=Q+ Kf5 62. Qf8+ Kg6 63. R7d6+ Kh5 64. Qh8# 1-0

[Event "Early-Titled-Tuesday-Blitz-May-07-2024"]
[Site "Chess.com"]
[Date "2024.05.07"]
[Round "1"]
[White "Veleamater"]
[Black "NovakCabarkapa"]
[Result "0-1"]
[WhiteElo "2430"]
[BlackElo "2749"]
[TimeControl "180+1"]
[EndTime "8:08:19 PDT"]
[Termination "NovakCabarkapa won on time"]

1. g3 h5 2. d4 h4 3. gxh4 e6 4. c4 Qxh4 5. Nf3 Qh5 6. Nc3 Nf6 7. Bf4 Bb4 8. Qc2 c5 9. O-O-O cxd4 10. Nxd4 a6 11. Nf3 Nc6 12. Ne4 Nxe4 13. Qxe4 Qh7 14. Qe3 b6 15. Bg2 Bc5 16. Qb3 O-O 17. e3 d5 18. Rhg1 Na5 19. Qc3 Nxc4 20. Ne5 Nd6 21. Bf3 Bb7 22. Nd7 Kh8 23. Nxc5 Nb5 24. Qd3 Rac8 25.
Qxh7+ Kxh7 26. b4 bxc5 27. bxc5 Rxc5+ 28. Kb2 Nc3 29. Rd3 Rfc8 30. Be5 Na4+ 31. Ka3 f6 32. Kxa4 fxe5 33. Rb3 Bc6+ 34. Ka3 e4 35. Bg4 Bd7 36.
Rgb1 Rc2 37. R1b2 R2c4 38. Rb4 Rc3+ 39. R2b3 Rc2 40. Rb7 Bb5 41. Bxe6 R8c4 42. R7xb5 axb5 43. Rxb5 R4c3+ 44. Kb4 Rb2+ 45. Kxc3 Rxb5 46. Kd4 Rb2 47. Bxd5 Rxf2 48. Bxe4+ Kh6 49. h4 Rxa2 50. Bf3 Ra4+ 51. Ke5 Rxh4 52. e4 g5 53. Kd6 g4 54. Bd1 g3 55. Bf3 Rf4 56. Bg2 Rf2 57. Bh3 Rh2 58.
Bf1 Rf2 59. Bh3 g2 60. Bxg2 Rxg2 61. e5 Kg7 62. e6 Kf8 0-1

[Event "Early-Titled-Tuesday-Blitz-May-07-2024"]
[Site "Chess.com"]
[Date "2024.05.07"]
[Round "1"]
[White "MAGMAchess02"]
[Black "santosalberto1987"]
[Result "1-0"]
[WhiteElo "2230"]
[BlackElo "2567"]
[TimeControl "180+1"]
[EndTime "8:08:19 PDT"]
[Termination "MAGMAchess02 won by checkmate"]

1. e4 c5 2. Be2 Nf6 3. d3 d5 4.
e5 Nfd7 5. f4 e6 6. Nf3 Nc6 7.
O-O Be7 8. c3 b5 9. d4 c4 10. g4 b4 11. Qe1 Rb8 12. Qg3 Qa5 13. f5 Nf8 14. Bg5 bxc3 15. bxc3 Rb2 16. Bd1 Qb6 17. Ba4 Bd7 18. Bxc6 Bxc6 19. Bxe7 Kxe7 20. f6+ gxf6 21. exf6+ Ke8 22. Qd6 Ng6 23. Ne5 Ba4 24. Qa3 Nxe5 25. Qxa4+ Nd7 26. Qa3 Kd8 27. Qe7+ Kc7 28.
Qxf7 Rf8 29. Qe7 Qd6 30. Qxd6+ Kxd6 31. g5 e5 32. Na3 exd4 33. cxd4 Re8 34. Rae1 Rf8 35.
Re7 a6 36. Rfe1 Rxa2 37. R1e6+ Kc7 38. Rxa6 Kb7 39. Rd6 Rxa3 40. Rexd7+ Kc8 41. Rxh7 c3 42. Rc6+ Kd8 43. Rb6 Kc8 44. Rc6+ Kd8 45. g6 Ra1+ 46. Kg2 Ra2+ 47. Kg3 c2 48. g7 Re8 49. Rh8 Ra3+ 50.
Kg4 Kd7 51. Rxe8 Kxc6 52. g8=Q c1=Q 53. Rc8+ Kb5 54. Rxc1 Kb4 55. Qb8+ Ka5 56. Rc5+ Ka6 57. Qb5+ Ka7 58. Rc7+ Ka8 59. Qb7# 1-0

[Event "Early-Titled-Tuesday-Blitz-May-07-2024"]
[Site "Chess.com"]
[Date "2024.05.07"]
[Round "1"]
[White "LeoLV10"]
[Black "praveenb2002"]
[Result "0-1"]
[WhiteElo "2483"]
[BlackElo "2855"]
[TimeControl "180+1"]
[EndTime "8:08:21 PDT"]
[Termination "praveenb2002 won by resignation"]

1. e4 c6 2. d4 d5 3. e5 Bf5 4.
h4 h5 5. Bd3 Bxd3 6. Qxd3 e6 7.
Nd2 c5 8. c3 Nc6 9. Ngf3 cxd4 10. cxd4 Nb4 11. Qb5+ Qd7 12. Qxd7+ Kxd7 13. O-O Nh6 14.
Nb3 Nf5 15. Bd2 b6 16. g3 Be7 17. Rfd1 Rhc8 18. Bc3 Rc6 19. Kf1 a5 20. a4 Rac8 21. Ke2 Nc2 22. Rac1 Na3 23. Bxa5 bxa5 24. bxa3 Bxa3 25.
Rxc6 Rxc6 26. Nxa5 Ra6 27. Nb3 Rxa4 28. Ra1 Ra7 29. Kd3 Kc6 30. Ne1 Kb6 31. Nc2 Be7 32. Rb1 Kc6 33. Rc1 Kd7 34. Rb1 Ra2 35. Nc1 Ra4 36.
Rb7+ Kd8 37. Nb3 Rc4 38. Rb8+ Kc7 39. Rh8 g6 40. Ra8 Kd7 41. Ra7+ Rc7 42. Ra6 Nh6 43.
Ne3 Bb4 44. Nd1 Ng4 45. Rb6 Be1 46. Nc5+ Ke7 47. Ke2 Ba5 48. Rb5 Ra7 49. f3 Nh6 50. Kd3 Nf5 51. Nb3 Be1 52. g4 Nxh4 53. Ke2 Bg3 54. gxh5 gxh5 55. Ne3 Bf4 56. Nf1 Nf5 57. Kf2 Ra2+ 58. Kg1 h4 59. Nc5 h3 60. Rb8 h2+ 61.
Kh1 Ra1 62. Rb7+ Kf8 63. Rb8+ Kg7 64. Nxe6+ fxe6 65. Rb7+ Kg6 66. Kg2 Rxf1 67. Kxf1 h1=Q+ 0-1

[Event "Early-Titled-Tuesday-Blitz-May-07-2024"]
[Site "Chess.com"]
[Date "2024.05.07"]
[Round "1"]
[White "Valeron87"]
[Black "The_Machine04"]
[Result "1/2-1/2"]
[WhiteElo "2462"]
[BlackElo "2777"]
[TimeControl "180+1"]
[EndTime "8:08:21 PDT"]
[Termination "Game drawn - insufficient material"]

1. e4 d6 2. d4 Nf6 3. Nc3 e5 4. Nf3 Nbd7 5. Bc4 Be7 6. a4 c6 7. O-O h6 8. Re1 Qc7 9. a5 Nf8 10. h3 g5 11. Bb3 Ng6 12. Qe2 g4 13. Nh2 gxh3 14. g3 h5 15. Bg5 Rg8 16. Kh1 h4 17.
gxh4 Nh7 18. Bxe7 Qxe7 19. h5 Nf4 20. Qf3 Rg2 21. Rg1 Ng5 22. Qe3 Qf6 23. dxe5 dxe5 24.
Rad1 Bd7 25. Na4 Rd8 26. Qxa7 Bc8 27. Qe3 Rxg1+ 28. Rxg1 Ng2 29. Qg3 Rd2 30. f3 Qf4 31.
Qxf4 exf4 32. Nb6 Be6 33. Bxe6 fxe6 34. Nc4 Rxc2 35. Nd6+ Ke7 36. Nxb7 Rxb2 37. a6 Ra2 38. Nc5 Nh7 39. Rd1 Nf6 40. h6 Ra5 41. h7 Nxh7 42.
Rd7+ Kf6 43. Rxh7 Rxc5 44. Nf1 Ra5 45. a7 Ra1 46. Kh2 Ne1 47. Nd2 Ra2 48. Kxh3 Ke5 49.
Nc4+ Kd4 50. Nb6 Nxf3 51. a8=Q Rxa8 52. Rd7+ Kxe4 53. Nxa8 c5 54. Nb6 Ne5 55. Rc7 Kd4 56. Nd7 Nxd7 57. Rxd7+ Ke4 58. Kg4 e5 59. Rd1 c4 60.
Re1+ Kd4 61. Kf3 c3 62. Re4+ Kd3 63. Rxe5 c2 64. Rd5+ Kc3 65. Rd8 c1=Q 66. Rc8+ Kb2 67. Rxc1 Kxc1 68. Kxf4 1/2-1/2

[Event "Early-Titled-Tuesday-Blitz-May-07-2024"]
[Site "Chess.com"]
[Date "2024.05.07"]
[Round "1"]
[White "MightyGMpretender"]
[Black "Artemiki"]
[Result "0-1"]
[WhiteElo "2787"]
[BlackElo "2469"]
[TimeControl "180+1"]
[EndTime "8:08:26 PDT"]
[Termination "Artemiki won by resignation"]

1. d4 Nf6 2. Nf3 e6 3. g3 d5 4.
Bg2 Be7 5. O-O O-O 6. c4 dxc4 7.
Qc2 b5 8. a4 b4 9. Nfd2 Nd5 10.
Nxc4 c5 11. dxc5 Ba6 12. Rd1 Qc7 13. Ne3 Nc6 14. Nxd5 exd5 15. Bf4 Qc8 16. Bxd5 Rd8 17. e4 Bf6 18. Be3 Ne5 19. Kg2 Qg4 20. Nd2 Be2 21. h3 Qh5 22. Rh1 Nf3 23. Rae1 Nxe1+ 24. Rxe1 Rac8 25. c6 Rxd5 26. exd5 Qxd5+ 27. Qe4 Qxe4+ 28. Nxe4 Bc4 29. Nxf6+ gxf6 30. Bxa7 Rxc6 31. Bd4 Bd5+ 32. f3 b3 33. Bc3 Be6 34. g4 f5 35. g5 h6 36.
gxh6 Kh7 37. Kg3 Kxh6 38. a5 Bc4 39. Re5 Bd3 40. Rd5 Rxc3 41. bxc3 b2 42. Rd6+ Kg7 43. Rb6 b1=Q 44. Rxb1 Bxb1 45. a6 Ba2 46. Kf4 Bd5 47.
c4 Bxc4 48. a7 Bd5 49. Ke3 Bb7 50. f4 Kg6 51. Kf2 Kh5 52. Kg3 Bc6 53. h4 Be4 54.
Kh3 Kg6 55. Kg3 Kf6 56. h5 Kg7 57. Kh4 Kh6 58. Kg3 Kxh5 59. Kh3 Ba8 60. Kg3 Kg6 61.
Kh4 Kf6 62. Kh5 Ke6 63. Kg5 Bb7 64. Kh6 Kd5 65. Kg5 Ke4 66. Kf6 Kxf4 67. Kxf7 Kg3 0-1